 Dungeon Crawl Stone Soup version 0.27-a0-797-g27d10ad80f (webtiles) character file.

Game seed: 6819920134067529364

141 funkygono the Magician (level 5, -8/35 HPs)
             Began as a Djinni Fire Elementalist on Mar 27, 2021.
             Killed by divine providence
             ... invoked by an orc priest
              (12 damage)
             ... on level 3 of the Dungeon.
             The game lasted 00:05:53 (2731 turns).

funkygono the Magician (Djinni Fire Elementalist)   Turns: 2731, Time: 00:05:53

Health: -8/35      AC:  2    Str:  7    XL:     5   Next: 24%
Gold:   68         EV: 12    Int: 18    God:
                   SH:  0    Dex: 13

rFire    + + .     SeeInvis .   f - +1 short sword (protect)
rCold    x . .     Faith    .   (no shield)
rNeg     . . .     Spirit   .   a - +0 robe
rPois    ∞         Reflect  .   (no helmet)
rElec    .         Harm     .   (no cloak)
rCorr    .         Rampage  .   (no gloves)
Will     .....                  (boots unavailable)
Stlth    ++........             (no amulet)
HPRegen  0.11/turn              (no ring)
MPRegen  0.00/turn              (no ring)

@: flying
A: fire resistance 2, cold vulnerability 1, float, innate caster, hp casting,
extra vitality 1
a: no special abilities


You were on level 3 of the Dungeon.
You visited 1 branch of the dungeon, and saw 3 of its levels.

You collected 68 gold pieces.

Inventory:

Hand Weapons
 e - a +0 whip
 f - a +1 short sword of protection (weapon)
Armour
 a - a +0 robe (worn)
Jewellery
 k - an amulet of guardian spirit
Potions
 b - a potion of mutation {unknown}
 c - a potion of haste
 h - a potion of might
 i - 2 potions of curing


   Skills:
 + Level 0.1 Fighting
 + Level 2.8 Dodging
 - Level 1.5 Stealth
 * Level 4.7 Spellcasting


You couldn't memorise any spells.
You knew the following spells:

 Your Spells              Type           Power      Damage    Failure   Level
a - Foxfire               Conj/Fire      84%        2x1d8     1%          1
b - Conjure Flame         Conj/Fire      21%        6-21      6%          3
c - Inner Flame           Hex/Fire       21%        N/A       6%          3
d - Sticky Flame          Conj/Fire      21%        2d4       21%         4
e - Fireball              Conj/Fire      10%        3d6       50%         5
f - Sandblast             Erth           42%        2d11      1%          1
g - Ensorcelled Hibernat  Hex/Ice        42%        N/A       3%          2
Your spell library was empty.

Dungeon Overview and Level Annotations

Branches:
Dungeon (3/15)

Altars:
Okawaru
Ru
Sif Muna
Trog
Wu Jian
Xom
Yredelemnul

Shops:
D:2 *


Innate Abilities, Weirdness & Mutations

You are immune to poison.
Your flesh is very heat resistant. (rF++)
You are vulnerable to cold. (rC-)
You float through the air rather than walking.
You learn spells naturally, not from books.
Your magical power is your life essence.
You have superior vitality. (+4 HP)


Message History

Unknown command.
Casting: Foxfire (safe; 2% risk of failure)
Confirm with . or Enter, or press ? or * to list all spells.
You conjure some foxfire!
The foxfire hits the orc wizard.
The orc wizard is moderately wounded.
The foxfire hits the orc wizard.
The orc wizard is severely wounded.
Unknown command.
The foxfire hits the hobgoblin.
You kill the hobgoblin!
The foxfire hits the orc wizard but does no damage.
The orc wizard is severely wounded.
The orc priest invokes the aid of Beogh against you.
You barely resist.
The orc wizard casts a spell at itself.
The orc wizard flickers and vanishes!
Deactivating autopickup; reactivate with Ctrl-A.
You have reached level 5!
The power to cast Ensorcelled Hibernation wells up from within.
Spell assigned to 'g'.
You see here a fuming dark potion.
Casting: Foxfire (safe; 2% risk of failure)
Confirm with . or Enter, or press ? or * to list all spells.
You conjure some foxfire!
The foxfire hits something.
Reactivating autopickup.
You feel a bit more experienced.
The foxfire hits the orc but does no damage.
The orc priest mumbles some strange prayers to Beogh against you.
Beogh smites you!
Casting: Foxfire (safe; 1% risk of failure)
Confirm with . or Enter, or press ? or * to list all spells.
You conjure some foxfire!
The orc priest mumbles some strange prayers to Beogh against you.
Beogh smites you!
* * * LOW HITPOINT WARNING * * *
The foxfire hits the orc but does no damage. x2
The orc priest calls down the wrath of Beogh upon you.
Beogh smites you!
You die...

##. #).#####
####..###.)....#####
........#..†....)...
........#.#....o####
........#.#.........
........#.#.!).#####
.......$#.....o#
#######.†##....#######
##......@†......
####.)..#######
###.........
###.#######
#########...#...##
#......).........##
#.#####....>......#
#.# #...........# #<#
#...........#


You could see an orc priest and an orc.

Vanquished Creatures
  Jessica (D:3)
  An orc wizard (D:3)
  An adder (D:2)
  2 dart slugs (D:1)
  3 orcs
  6 bats
  10 endoplasms
  3 giant cockroaches
  8 hobgoblins
  4 jackals (D:1)
  5 kobolds
  2 quokkas (D:2)
  4 ball pythons
  A frilled lizard (D:3)
  7 goblins
  9 rats
67 creatures vanquished.

Vanquished Creatures (others)
  112 foxfires
  2 fungi (D:3)
114 creatures vanquished.

Grand Total: 181 creatures vanquished

Notes
Turn   | Place    | Note
-------+----------+-------------------------------------------
     0 | D:1      | funkygono the Djinni Fire Elementalist began the quest for
                  | the Orb.
     0 | D:1      | Reached XP level 1. HP: 15/15 MP: 0/0
   110 | D:1      | Reached skill level 3 in Spellcasting
   117 | D:1      | Reached XP level 2. HP: 16/21 MP: 0/0
   550 | D:1      | Reached XP level 3. HP: 3/25 MP: 0/0
   550 | D:1      | Learned a level 1 spell: Sandblast
  1722 | D:2      | Found an iron altar of Okawaru.
  1729 | D:2      | Found a basalt altar of Yredelemnul.
  1729 | D:2      | Found a shimmering altar of Xom.
  1766 | D:2      | Found Newaod Mime's Assorted Antiques.
  1787 | D:2      | Reached XP level 4. HP: 30/31 MP: 0/0
  1881 | D:2      | Reached skill level 4 in Spellcasting
  1908 | D:2      | Found an ornate altar of the Wu Jian Council.
  2276 | D:2      | Found a bloodstained altar of Trog.
  2439 | D:2      | Found a sacrificial altar of Ru.
  2533 | D:3      | Noticed Jessica
  2548 | D:3      | Killed Jessica
  2727 | D:3      | Reached XP level 5. HP: 28/35 MP: 0/0
  2727 | D:3      | Learned a level 2 spell: Ensorcelled Hibernation
  2731 | D:3      | Killed from afar by an orc priest

Illustrated notes

Levels and vault maps discovered:
D:1:      psy_arrival_statuary, layout_basic
D:2:      layout_loops_ring, general_overflow_altar,
          nicolae_wu_jian_wuxing_cycle, lemuel_blue_sif_altar, minitemple,
          serial_shops, nicolae_shop_statue_plus, lemuel_altar_in_water
D:3:      layout_rooms, nicolae_overflow_crystal_walls, bloody_makhleb,
          uniq_jessica, uniq_crazy_yiuf_cottage, uniq_purgy

Skill      XL: |  1  2  3  4 |
---------------+-------------+-----
Spellcasting   | 3 4 |  4.7
Fighting       | |  0.1
Dodging        | |  2.8
Stealth        | |  1.5

Action                   |  1- 3 |  4- 6 || total
-------------------------+-------+-------++-------
Melee: Short sword       |     3 |       ||     3
 Cast: Foxfire           |    47 |    20 ||    67
       Sandblast         |    11 |    20 ||    31
  Use: Scroll            |     3 |     4 ||     7
Armor: Robe              |    11 |     2 ||    13
Dodge: Dodged            |    20 |    11 ||    31

Table legend: (Time is in decaauts)
 A = Elapsed time spent in this place.
 B = Non-inter-level travel time spent in this place.
 C = Inter-level travel time spent in this place.
 D = Time resting spent in this place.
 E = Time spent auto-exploring this place.
 F = Levels seen in this place.
 G = Mean time per level.
                   A        B        C        D        E       F      G
               +--------+--------+--------+--------+--------+-----+--------+
         Total |   2729 |   2661 |     68 |    294 |   1997 |   3 |  909.7 |
       Dungeon |   2729 |   2661 |     68 |    294 |   1997 |   3 |  909.7 |
               +--------+--------+--------+--------+--------+-----+--------+

Top non-repeatable levels by time:
     D:1: 1574 daAuts
     D:2: 946 daAuts
     D:3: 208 daAuts
